 Dungeon Crawl Stone Soup version 0.20-a0-9-g62d82d9 (webtiles) character file.

3963 dobroeutro the Basher (level 10, -2/63 HPs)
             Began as a Gargoyle Fighter on Nov 1, 2016.
             Was a Believer of Okawaru.
             Engulfed by a steam dragon's steam (9 damage)
             ... on level 9 of the Dungeon.
             The game lasted 00:12:17 (6699 turns).

dobroeutro the Basher (Gargoyle Fighter)            Turns: 6699, Time: 00:12:17

Health: -2/63      AC: 19    Str: 22    XL:     10   Next: 22%
Magic:  10/12      EV: 13    Int:  9    God:    Okawaru [**....]
Gold:   380        SH: 11    Dex: 10    Spells: 0 memorised, 9 levels left

rFire  . . .     SeeInvis .     a - +1 flail
rCold  . . .     Gourm    .     b - +0 scale mail
rNeg   + . .     Faith    .     c - +0 shield
rPois  ∞         Spirit   .     v - +0 helmet
rElec  +         Reflect  .     r - +0 cloak
rCorr  .         Harm     .     (no gloves)
MR     +....                    (no boots)
Stlth  +.........               (no amulet)
                                G - ring of protection from magic
                                (no ring)

@: heroism
A: negative energy resistance 1, electricity resistance, unbreathing,
petrification resistance, rot immunity, AC +7
a: Heroism, Renounce Religion


You were on level 9 of the Dungeon.
You worshipped Okawaru.
Okawaru was pleased with you.
You were not hungry.

You visited 2 branches of the dungeon, and saw 10 of its levels.
You also visited: Ossuary.

You collected 380 gold pieces.

Inventory:

Hand Weapons
 a - a +1 flail (weapon)
Armour
 b - a +0 scale mail (worn)
 c - a +0 shield (worn)
 r - a +0 cloak (worn)
 v - a +0 helmet (worn)
Rods
 o - a +0 iron rod (9/9)
   (You found it on level 4 of the Dungeon)
Jewellery
 D - an uncursed ring of fire
 G - a ring of protection from magic (right hand)
Wands
 C - a wand of flame (16/48)
 F - a wand of hasting (2/9)
 H - a wand of random effects (26/48)
Scrolls
 j - 10 scrolls of identify
 q - a scroll of recharging
 s - a scroll of enchant weapon
 u - 2 scrolls of remove curse
 w - 2 scrolls of amnesia
 x - a scroll of random uselessness
 y - 2 scrolls of noise
 B - 2 scrolls of magic mapping
 I - a scroll of holy word {unknown}
 K - a scroll of enchant armour {unknown}
Potions
 d - 3 potions of might
 e - a potion of agility {unknown}
 h - a potion of lignification {unknown}
 i - 2 potions of resistance {unknown}
 k - 2 potions of heal wounds
 l - 5 potions of curing
 m - a potion of cancellation {unknown}
 n - 2 potions of brilliance {unknown}
 p - a potion of haste {unknown}
 t - 4 potions of flight {unknown}
 z - a potion of berserk rage {unknown}
 A - a potion of ambrosia {unknown}
Comestibles
 f - 2 bread rations
 g - 5 meat rations
 J - 3 chunks of flesh
 L - a slice of pizza


   Skills:
 + Level 7.4(12.4) Fighting
 * Level 9.2(14.2) Maces & Flails
 + Level 7.7(12.7) Armour
 + Level 5.0(10.0) Dodging
 - Level 3.2(8.2) Shields
 + Level 3.0 Evocations


You had 9 spell levels left.
You didn't know any spells.

Dungeon Overview and Level Annotations

Branches:
Dungeon (9/15)             Temple (1/1) D:4
   Lair: D:8-11         Orc: D:9-12

Altars:
Ashenzari
Cheibriados
Dithmenos
Elyvilon
Fedhas
Gozag
Hepliaklqana
Kikubaaqudgha
Makhleb
Nemelex Xobeh
Okawaru
Qazlal
Ru
Sif Muna
Uskayaw
Vehumet
Xom
Yredelemnul
Zin
The Shining One

Shops:
D:6 *%


Innate Abilities, Weirdness & Mutations

You are resistant to torment.
Your stone body is resilient. (AC +7)
You are immune to poison.
You resist negative energy. (rN+)
You are resistant to electric shocks. (rElec)
You can survive without breathing.
You are immune to petrification.
You are immune to rotting.


Message History

You are engulfed in a cloud of scalding steam.
* * * LOW HITPOINT WARNING * * *
The steam dragon bites you but does no damage.
The steam dragon claws you but does no damage.
You are too injured to fight recklessly!
You gain the combat prowess of a mighty hero.
You are engulfed in a cloud of scalding steam.
* * * LOW HITPOINT WARNING * * *
You block the steam dragon's attack. The steam dragon claws you.
* * * LOW HITPOINT WARNING * * *
You sock the steam dragon!
The steam dragon is moderately wounded.
You are engulfed in a cloud of scalding steam.
* * * LOW HITPOINT WARNING * * *
The steam dragon bites you but does no damage.
The steam dragon claws you but does no damage.
You closely miss the steam dragon.
The steam dragon is moderately wounded.
You are engulfed in a cloud of scalding steam.
You die...

## ..
#.########.###..
#.....§§@D......
##########.$....
####.


You could see a steam dragon.

Vanquished Creatures
  The ghost of dobroeutro the Cudgeler, a novice GrFi (D:4)
  Prince Ribbit (D:5)
  A hippogriff (D:7)
  The ghost of Tux the Skirmisher, an amateur OgMo (Ossuary)
  A steam dragon (D:6)
  A water moccasin (D:6)
  A black bear (D:7)
  A phantom (D:5)
  4 orc warriors
  3 ogres
  4 bullfrogs
  3 elf skeletons (D:4)
  10 scorpions
  2 howler monkeys (D:6)
  2 crimson imps (D:6)
  3 centaur zombies (Ossuary)
  3 hounds
  A human zombie (D:4)
  2 orc priests (D:6)
  Crazy Yiuf (D:5)
  A bullfrog skeleton (D:4)
  7 orc wizards
  5 human skeletons (D:4)
  2 iguanas
  3 worker ants
  A big kobold zombie (Ossuary)
  A hound zombie (D:6)
  A hound skeleton (D:5)
  3 mummies (Ossuary)
  6 adders
  3 gnolls (D:6)
  4 scorpion zombies (Ossuary)
  A shadow imp (D:6)
  2 oozes
  4 worms
  3 dart slugs
  3 leopard geckos
  9 orcs
  7 bats
  2 giant cockroaches
  5 gnoll zombies (Ossuary)
  7 hobgoblins
  10 jackals
  7 kobolds
  A quokka (D:2)
  A ball python skeleton (D:4)
  3 frilled lizards
  7 goblins
  A goblin zombie (Ossuary)
  A hobgoblin zombie (Ossuary)
  4 kobold zombies (Ossuary)
  An orc skeleton (D:4)
  3 orc zombies
  A quokka skeleton (D:5)
  10 rats
176 creatures vanquished.

Vanquished Creatures (others)
  A scorpion (Ossuary)
1 creature vanquished.

Grand Total: 177 creatures vanquished

Notes
Turn   | Place    | Note
-------+----------+-------------------------------------------
     0 | D:1      | dobroeutro the Gargoyle Fighter began the quest for the Orb.
     0 | D:1      | Reached XP level 1. HP: 14/14 MP: 1/1
    90 | D:1      | Reached XP level 2. HP: 16/19 MP: 2/2
   335 | D:1      | Reached XP level 3. HP: 20/23 MP: 3/3
   681 | D:2      | Noticed an earth elemental
   686 | D:2      | Found a stormy altar of Qazlal.
   690 | D:2      | Noticed a water elemental
   690 | D:2      | Noticed an air elemental
   690 | D:2      | Noticed a fire elemental
   834 | D:2      | Reached skill level 3 in Maces & Flails
  1102 | D:2      | Reached XP level 4. HP: 24/29 MP: 4/4
  1360 | D:3      | Found a sacrificial altar of Ru.
  1411 | D:3      | Reached skill level 1 in Dodging
  1418 | D:3      | Reached XP level 5. HP: 8/33 MP: 5/5
  1754 | D:3      | Found a shadowy altar of Dithmenos.
  2156 | D:4      | Reached skill level 4 in Maces & Flails
  2284 | D:4      | Reached XP level 6. HP: 31/38 MP: 6/6
  2304 | D:4      | Found a sand-covered staircase.
  2359 | Ossuary  | Entered an ossuary
  2496 | Ossuary  | Reached XP level 7. HP: 37/44 MP: 7/7
  2502 | Ossuary  | Reached skill level 5 in Maces & Flails
  2504 | Ossuary  | Reached skill level 5 in Armour
  2672 | Ossuary  | Noticed Tux's ghost (amateur OgMo)
  2692 | Ossuary  | Reached skill level 5 in Fighting
  2720 | Ossuary  | Killed Tux's ghost
  2720 | Ossuary  | Reached skill level 6 in Maces & Flails
  2720 | Ossuary  | Reached XP level 8. HP: 42/49 MP: 8/8
  3086 | D:4      | Found a staircase to the Ecumenical Temple.
  3089 | D:4      | Noticed dobroeutro's ghost (novice GrFi)
  3112 | D:4      | Killed dobroeutro's ghost
  3112 | D:4      | Reached skill level 7 in Maces & Flails
  3118 | Temple   | Entered the Ecumenical Temple
  3324 | Temple   | Became a worshipper of Warmaster Okawaru
  3538 | D:4      | Found a snail-covered altar of Cheibriados.
  3777 | D:5      | Entered Level 5 of the Dungeon
  3777 | D:5      | Found a radiant altar of Vehumet.
  3829 | D:4      | Reached XP level 9. HP: 10/55 MP: 9/9
  4255 | D:5      | Reached skill level 1 in Evocations
  4360 | D:5      | Noticed Prince Ribbit
  4494 | D:5      | Found a runed door.
  4603 | D:5      | Killed Prince Ribbit
  4603 | D:5      | Reached * piety under Okawaru
  4883 | D:5      | Noticed Crazy Yiuf
  4888 | D:5      | Killed Crazy Yiuf
  4944 | D:6      | Reached skill level 8 in Maces & Flails
  4969 | D:6      | Found Aawn's Alliterative Accessories.
  5196 | D:6      | Found Hosourgh's Food Boutique.
  6037 | D:6      | Reached ** piety under Okawaru
  6286 | D:7      | Reached XP level 10. HP: 43/63 MP: 10/12
  6392 | D:7      | Reached skill level 9 in Maces & Flails
  6534 | D:7      | You fall through a shaft!
  6562 | D:8      | Reached skill level 5 in Dodging
  6699 | D:9      | Engulfed by a steam dragon's steam

Vault maps used:
D:1:      dpeg_arrival_chase
D:2:      nicolae_qazlal_style_of_elements, first_bread
D:3:      lemuel_doored_altar, nicolae_ru_sacrificial_ziggurat
D:4:      cheibriados_altar_1, nicolae_ossuary_entry_catacombs
D:5:      vehumet_altar_wand_db, minmay_misc_feat_alley,
          uniq_crazy_yiuf_cottage, uniq_prince_ribbit1
D:6:      kennysheep_steamy, serial_shops, nicolae_shop_waterfront,
          minmay_misc_feat_rows, nicolae_alphabet_shops, serial_park_tiny_2
D:7:      serial_shops, shop_fountains, uniq_menkaure, uniq_pikel
D:8:      lightli_temple_of_fire
Temple:   regret_index_temple_generic_petals
Ossuary:  ossuary_minmay_scorpions

Skill      XL: |  1  2  3  4  5  6  7  8  9 10 |
---------------+-------------------------------+-----
Maces & Flails | 3 4 6 7 8 9 |  9.2
Armour         | 4 5 6 7 |  7.7
Dodging        | 1 2 3 4 5 |  5.0
Fighting       | 4 5 6 7 |  7.4
Evocations     | 2 3 |  3.0
Shields        | |  3.2

Action                   |  1- 3 |  4- 6 |  7- 9 | 10-12 || total
-------------------------+-------+-------+-------+-------++-------
Melee: Flail             |   162 |   173 |   576 |    86 ||   997
Invok: Heroism           |       |       |     2 |     4 ||     6
Evoke: Rod               |       |       |     3 |     2 ||     5
  Use: Scroll            |       |     8 |       |     3 ||    11
       Potion            |       |       |       |     3 ||     3
  Eat: Chunk             |     1 |     2 |     6 |     4 ||    13
       Bread ration      |       |     1 |     1 |       ||     2
       Royal jelly       |       |       |     1 |       ||     1
Armor: Scale mail        |   101 |    79 |   263 |    51 ||   494
Dodge: Dodged            |    50 |    50 |   159 |    26 ||   285
Block: Shield            |    76 |    79 |   217 |    58 ||   430
